 Dungeon Crawl Stone Soup version 0.16-a0-4024-g0ecf4ac (webtiles) character file.

404 ketsa the Magician (level 6, -2/36 HPs)
             Began as a High Elf Fire Elementalist on Feb 18, 2015.
             Slain by an iguana (14 damage)
             ... on level 5 of the Dungeon.
             The game lasted 00:17:01 (6443 turns).

ketsa the Magician (High Elf Fire Elementalist)     Turns: 6443, Time: 00:17:01

Health: -2/36      AC:  3    Str:  7    XL:     6   Next: 56%
Magic:  7/19       EV: 13    Int: 20    God:
Gold:   167        SH:  0    Dex: 17    Spells: 3 memorised, 8 levels left

rFire  . . .     SeeInvis .     j - +0 short sword
rCold  . . .     Clarity  .     a - +0 robe
rNeg   . . .     SustAb   .     (no shield)
rPois  .         Gourm    .     (no helmet)
rElec  .         Spirit   .     v - +0 cloak
rCorr  .         Warding  .     (no gloves)
rMut   +         Stasis   .     (no boots)
MR     .....                    m - amulet of resist mutation
Stlth  ++........               (no ring)
                                x - ring of flight

@: flying, not resistant to hostile enchantments, unstealthy
A: no striking features
a: no special abilities


You were on level 5 of the Dungeon.
You were hungry.

You visited 1 branch of the dungeon, and saw 5 of its levels.

You collected 167 gold pieces.

Inventory:

Hand weapons
 j - a +0 short sword (weapon)
 y - a +0 blowgun
Missiles
 z - 16 poisoned needles
Armour
 a - a +0 robe (worn)
 h - a cursed +0 ring mail
 p - a cursed +0 ring mail
 v - a +0 cloak (worn)
Jewellery
 m - an amulet of resist mutation (around neck)
 x - a ring of flight (left hand)
Magical devices
 q - a wand of digging (5)
 w - a wand of teleportation (4)
Scrolls
 e - 3 scrolls of amnesia
 g - 6 scrolls of identify
 k - 5 scrolls of remove curse
 l - a scroll of magic mapping
 r - 2 scrolls of blinking {unknown}
 u - 3 scrolls of teleportation {unknown}
 A - a scroll of enchant weapon {unknown}
Potions
 n - a potion of brilliance
 C - a potion of heal wounds {unknown}
Books
 b - a book of Flames

   Spells                             Type                      Level
   a - Flame Tongue                   Conjuration/Fire             1
   b - Throw Flame                    Conjuration/Fire             2
   c - Conjure Flame                  Conjuration/Fire             3
   d - Inner Flame                    Hexes/Fire                   3
   e - Sticky Flame                   Conjuration/Fire             4
   f - Fireball                       Conjuration/Fire             5
Comestibles
 c - 3 bread rations
 f - 3 beef jerkies
 i - 2 meat rations


   Skills:
 + Level 2.6 Short Blades
 - Level 3.0 Dodging
 - Level 2.1 Stealth
 + Level 4.7 Spellcasting
 + Level 3.5 Conjurations
 + Level 4.5 Fire Magic


You had 8 spell levels left.
You knew the following spells:

 Your Spells              Type           Power        Failure   Level  Hunger
a - Flame Tongue          Conj/Fire      ###..        2%          1    None
b - Throw Flame           Conj/Fire      ###...       3%          2    #......
c - Conjure Flame         Conj/Fire      ###.....     10%         3    ##.....


Dungeon Overview and Level Annotations

Branches:
Dungeon (5/15)
 Temple: D:4-7

Altars:
Qazlal

Annotations:
D:2 exclusion: downstairs
D:3 gabygaby's ghost, average GrEE


Message History

Aim: an iguana (heavily wounded)
The puff of flame misses the iguana.
The iguana barely misses you.
Unknown command.
Casting: Throw Flame
Confirm with . or Enter, or press ? or * to list all spells.
Aiming: Flame Tongue
Press: ? - help, Shift-Dir - straight line, f/p - iguana
Aim: an iguana (heavily wounded)
The flame tongue hits the iguana.
The iguana appears unharmed.
The iguana is heavily wounded.
The iguana misses you.
Casting: Flame Tongue
Confirm with . or Enter, or press ? or * to list all spells.
Aiming: Flame Tongue
Press: ? - help, Shift-Dir - straight line, f/p - iguana
Aim: an iguana (heavily wounded)
The flame tongue hits the iguana.
The iguana is almost dead.
The iguana bites you!
You die...

. #.# ####### #.# .....%.
..# ....... #.#
.......l#############.# #
........@...Z........>###
........#####...#........
....... #.#.#.#......
$...... #.....#......
....... #...........#
...... #...#.#.#...#
##########...........#
#...........#.#.....#
#.#######...#.#......


You could see an iguana and a centaur skeleton.

Vanquished Creatures
  Blork the orc (D:4)
  A hound (D:5)
  4 worker ants
  Jessica (D:3)
  6 gnolls
  6 adders
  A worm (D:3)
  3 giant geckos
  2 orcs (D:3)
  13 bats
  A bat skeleton (D:5)
  9 goblins
  6 hobgoblins
  10 jackals
  9 kobolds
  4 quokkas
  6 giant cockroaches
  6 giant newts
  10 rats
99 creatures vanquished.

Notes
Turn   | Place    | Note
--------------------------------------------------------------
     0 | D:1      | ketsa, the High Elf Fire Elementalist, began the quest for the Orb.
     0 | D:1      | Reached XP level 1. HP: 11/11 MP: 4/4
   806 | D:1      | Reached XP level 2. HP: 17/17 MP: 4/6
   810 | D:1      | Learned a level 2 spell: Throw Flame
  1934 | D:2      | Reached XP level 3. HP: 7/21 MP: 0/10
  2718 | D:2      | Learned a level 3 spell: Conjure Flame
  2736 | D:2      | Reached XP level 4. HP: 25/27 MP: 7/13
  3444 | D:2      | Found a stormy altar of Qazlal.
  3754 | D:3      | Reached XP level 5. HP: 21/31 MP: 11/15
  3756 | D:3      | Reached skill level 1 in Short Blades
  3756 | D:3      | Reached skill level 4 in Spellcasting
  4091 | D:3      | Noticed Jessica
  4099 | D:3      | Killed Jessica
  4134 | D:3      | Noticed gabygaby's ghost (average GrEE)
  4830 | D:4      | Noticed Blork the orc
  4838 | D:4      | Killed Blork the orc
  4838 | D:4      | Reached XP level 6. HP: 30/36 MP: 6/18
  5909 | D:5      | Entered Level 5 of the Dungeon
  6443 | D:5      | Slain by an iguana

Action                   |  1- 3 |  4- 6 || total
-------------------------+-------+-------++-------
Melee: Short sword       |    25 |    46 ||    71
       Unarmed           |     7 |       ||     7
 Cast: Flame Tongue      |    71 |    91 ||   162
       Throw Flame       |     2 |    36 ||    38
       Conjure Flame     |       |     2 ||     2
  Use: Scroll            |     3 |     1 ||     4
       Potion            |     2 |     4 ||     6
 Stab: Sleeping          |       |     4 ||     4
  Eat: Chunk             |     2 |    10 ||    12
       Meat ration       |     1 |       ||     1
